 Dungeon Crawl Stone Soup version 0.14-a0-759-g26e2352 (webtiles) character file.

742 PolkaDot the Ruinous (level 7, 0/44 HPs)
             Began as a Vampire Wizard on Nov 9, 2013.
             Slain by an orc
             ... wielding a +1,+2 orcish trident
              (8 damage)
             ... on Level 3 of the Dungeon.
             The game lasted 00:26:06 (4993 turns).

PolkaDot the Ruinous (Vampire Wizard)               Turns: 4993, Time: 00:26:06

HP   0/44        AC  3     Str  6      XL: 7   Next: 28%
MP   2/17        EV 12     Int 22      God:
Gold 91          SH  0     Dex 12      Spells:  3 memorised,  5 levels left

Res.Fire  : . . .   See Invis. : +   h - +4,+1 orc short sword
Res.Cold  : . . .   Warding    : .   i - +1 orc robe {rN+}
Life Prot.: + + .   Conserve   : .   (no shield)
Res.Poison: .       Res.Corr.  : .   b - +0 wizard hat
Res.Elec. : .       Clarity    : .   (no cloak)
Sust.Abil.: . .     Spirit.Shd : .   (no gloves)
Res.Mut.  : .       Stasis     : .   (no boots)
Res.Rott. : .       Flight     : .   (no amulet)
Saprovore : . . .                    e - ring of positive energy
                                     s - ring of teleport control

@: regenerating quickly, slightly resistant to hostile enchantments, stealthy
A: bottle blood, fangs 3, see invisible, unbreathing
a: Bottle Blood, Evoke Teleport Control


You were on level 3 of the Dungeon.
You were very full.

You visited 1 branch of the dungeon, and saw 4 of its levels.

You collected 91 gold pieces.

Inventory:

Hand weapons
 h - a +4,+1 orcish short sword (weapon)
Armour
 b - a +0 wizard hat (worn)
 i - a +1 orcish robe of positive energy (worn)
Magical devices
 g - a wand of enslavement (7) {unknown}
 j - a wand of random effects (12) {unknown}
Scrolls
 f - 2 scrolls of teleportation
 r - 3 scrolls of remove curse
Jewellery
 e - a ring of positive energy (right hand)
 s - a ring of teleport control (left hand)
Potions
 d - a potion of poison {unknown}
 l - 2 potions of curing
Books
 c - a book of Minor Magic

   Spells                             Type                      Level
   *Magic Dart                        Conjuration                  1
   Blink                              Translocation                2
   Call Imp                           Summoning                    2
   Repel Missiles                     Charms/Air                   2
   Slow                               Hexes                        2
   *Conjure Flame                     Conjuration/Fire             3
   *Mephitic Cloud                    Conjuration/Poison/Air       3


   Skills:
 - Level 2.1 Dodging
 - Level 3.0 Stealth
 - Level 3.0 Spellcasting
 * Level 6.0 Conjurations
   Level 1.0 Summonings
   Level 0.7 Translocations


You had 5 spell levels left.
You knew the following spells:

 Your Spells              Type           Power        Failure   Level  Hunger
a - Magic Dart            Conj           ####         1%          1    None
d - Mephitic Cloud        Conj/Pois/Air  ##......     17%         3    ###....
s - Conjure Flame         Conj/Fire      ###.....     12%         3    ###....


Dungeon Overview and Level Annotations

Branches:
Dungeon (4/27)
 Temple: D:4-7

Altars:
Cheibriados
Fedhas
Xom


Innate Abilities, Weirdness & Mutations

Your natural rate of healing is unusually fast.
You can bottle blood from corpses.
You have razor-sharp teeth.*
You have supernaturally acute eyesight.
You can survive without breathing.*


Message History

The orc is severely wounded.
The orc hits you with an orcish trident.
* * * LOW HITPOINT WARNING * * *
You are too injured to fight recklessly!
You are too injured to fight recklessly!
You are too injured to fight recklessly!
You are too injured to fight recklessly!
You hit the orc but do no damage.
The orc is severely wounded.
The orc hits you with an orcish trident.
* * * LOW HITPOINT WARNING * * *
Casting: Magic Dart
Confirm with . or Enter, or press ? or * to list all spells.
Aiming: Magic Dart
Press: ? - help, Shift-Dir - straight line, f - orc
Aim: an orc, wielding an orcish trident and wearing an orcish scale mail (severely wounded)
The magic dart hits the orc.
The orc is severely wounded.
The orc hits you with an orcish trident!
You die...

..............######.^%^.#.....
....................#^#.......
############.................
#...############## #...# #...#
#%).# #.o.# ################@..#
...............(...##############
.................................
..............((.................
##################..#############
#..# #..# #..#
##################..#############


You could see an orc.

Vanquished Creatures
  Grinder (D:3)
  An agate snail (D:2)
  A quasit (D:3)
  4 orc wizards (D:3)
  4 gnolls
  7 adders
  An inept feature mimic (D:3)
  4 worms
  A giant gecko (D:4)
  13 orcs (D:3)
  2 ball pythons
  10 bats
  A giant cockroach (D:1)
  12 hobgoblins
  6 jackals (D:2)
  A quokka (D:3)
  6 giant newts
  9 goblins
  4 kobolds
  10 rats
  A butterfly (D:2)
99 creatures vanquished.

Notes
Turn   | Place    | Note
--------------------------------------------------------------
     0 | D:1      | PolkaDot, the Vampire Wizard, began the quest for the Orb.
     0 | D:1      | Reached XP level 1. HP: 11/11 MP: 6/6
   257 | D:3      | Reached skill level 1 in Conjurations
   768 | D:2      | Reached XP level 2. HP: 13/17 MP: 4/8
  1321 | D:2      | Found a shimmering altar of Xom.
  1478 | D:2      | Reached XP level 3. HP: 18/22 MP: 6/10
  1887 | D:1      | Learned a level 3 spell: Conjure Flame
  1891 | D:1      | Learned a level 3 spell: Mephitic Cloud
  2324 | D:2      | Reached XP level 4. HP: 28/28 MP: 4/12
  2796 | D:2      | Noticed an agate snail
  2937 | D:2      | Killed an agate snail
  2937 | D:2      | Reached XP level 5. HP: 33/33 MP: 4/13
  3028 | D:2      | Found a snail-covered altar of Cheibriados.
  3150 | D:3      | Reached skill level 4 in Conjurations
  3440 | D:3      | Noticed Grinder
  3472 | D:3      | Noticed an orc wizard
  3473 | D:3      | Noticed an orc wizard
  3715 | D:3      | Found a blossoming altar of Fedhas.
  3892 | D:3      | Noticed a quasit
  3909 | D:3      | Killed a quasit
  3913 | D:3      | Reached XP level 6. HP: 18/39 MP: 1/15
  4019 | D:3      | Killed an orc wizard
  4359 | D:3      | Killed an orc wizard
  4468 | D:3      | Noticed an orc wizard
  4468 | D:3      | Noticed an orc wizard
  4487 | D:3      | Killed an orc wizard
  4487 | D:3      | Reached skill level 5 in Conjurations
  4491 | D:3      | Killed an orc wizard
  4818 | D:3      | Killed Grinder
  4818 | D:3      | Reached skill level 6 in Conjurations
  4818 | D:3      | Reached XP level 7. HP: 39/44 MP: 12/17
  4993 | D:3      | Slain by an orc

Action                   |  1- 3 |  4- 6 |  7- 9 || total
-------------------------+-------+-------+-------++-------
Melee: Unarmed           |     4 |       |       ||     4
       Short sword       |    23 |    54 |    12 ||    89
 Cast: Magic Dart        |   104 |   168 |    20 ||   292
       Conjure Flame     |       |     4 |       ||     4
       Mephitic Cloud    |       |     2 |       ||     2
  Use: Potion            |     1 |     4 |       ||     5
       Scroll            |       |    15 |       ||    15
 Stab: Confused          |       |     1 |       ||     1
       Sleeping          |       |     1 |       ||     1
